AoeStats
← tilmanv

Black Forest

508954939Analyzed
4v4 RM · 9d ago on Sep 24, 2026· 53m 50s· 8 players
Game mode
Random Map
Map size
Large (8 player)
Population
200
Speed
Normal
Resources
Standard
Victory
Conquest
Starting age
Dark Age
Ending age
Imperial Age
RankedLock teamsTeams togetherTeam positionsShared explorationLock speedFull tech treeHidden civsTurbo modeCheats
Victory
Defeat
🇷🇺 Turks · Russia
1040
+13
🇩🇪 Teutons · Germany
994
+15
🇨🇳 Persians · China
992
+15
🇫🇷 Huns · France
933
+19
🇫🇷 Khmer · France
999
-16
🇫🇷 Britons · France
985
-16
🇫🇷 Japanese · France
984
-16
🇫🇷 Lithuanians · France
948
-14
陈某某
11:17 Feudal Age
16:01 Castle Age
13:47 Fishing Lines
15:33 Double-Bit Axe
23:31 Wheelbarrow
23:05 Gillnets
26:05 Hand Cart
26:40 Bow Saw
26:20 Horse Collar
30:21 Imperial Age
28:11 Caravan
29:23 Heavy Plow
29:27 Gold Mining
31:11 Kamandaran
31:10 Elite War Elephant
32:26 Conscription
33:16 Scale Barding Armor
33:22 Forging
35:57 Chain Barding Armor
36:12 Iron Casting
36:41 Guilds
38:23 Stone Mining
39:13 Gold Shaft Mining
40:37 Crop Rotation
43:28 Stone Shaft Mining
44:43 Plate Barding Armor
45:08 Blast Furnace
Carlossoriasilveyra
0:32 Loom
16:16 Feudal Age
18:11 Fishing Lines
18:35 Double-Bit Axe
24:57 Castle Age
24:24 Wheelbarrow
24:35 Forging
24:31 Scale Barding Armor
26:06 Bow Saw
26:49 Gold Mining
26:53 Stone Mining
27:34 Caravan
28:28 Gillnets
29:35 Stone Mining
30:20 Gold Shaft Mining
33:15 Hand Cart
34:35 Horse Collar
35:43 Chain Barding Armor
35:59 Iron Casting
38:53 Imperial Age
36:09 Town Watch
36:37 Marauders
37:02 Fletching
37:13 Padded Archer Armor
39:19 Ballistics
39:10 Masonry
38:55 Murder Holes
38:57 Elite Tarkan
39:58 Conscription
40:08 Parthian Tactics
39:51 Thumb Ring
40:39 Town Patrol
41:30 Husbandry
41:40 Bloodlines
41:46 Heavy Cavalry Archer
45:25 Plate Barding Armor
44:51 Scale Mail Armor
45:52 Blast Furnace
44:48 Bodkin Arrow
45:08 Leather Archer Armor
49:03 Bracer
54:00 Fervor
54:11 Sanctity
I_fireblade
12:30 Feudal Age
16:33 Castle Age
14:54 Double-Bit Axe
15:02 Horse Collar
15:54 Gold Mining
17:24 Bow Saw
17:58 Heavy Plow
18:39 Wheelbarrow
24:38 Imperial Age
21:58 Town Watch
22:27 Fletching
24:24 Loom
27:19 Conscription
29:25 Gold Shaft Mining
29:45 Hand Cart
30:36 Town Patrol
31:03 Artillery
31:55 Padded Archer Armor
37:20 Elite Janissary
38:26 Devotion
40:05 Bodkin Arrow
41:57 Bracer
42:13 Leather Archer Armor
44:13 Two-Man Saw
46:10 Ring Archer Armor
46:19 Hoardings
51:09 Caravan
52:48 Scale Mail Armor
52:58 Forging
52:10 Heavy Scorpion
53:03 Fervor
53:18 Scale Barding Armor
53:45 Coinage
52:37 Capped Ram
53:40 Sipahi
tilmanv
8:11 Loom
15:01 Feudal Age
16:22 Wheelbarrow
15:35 Double-Bit Axe
15:41 Fishing Lines
20:24 Castle Age
19:01 Gold Mining
19:02 Stone Mining
20:16 Horse Collar
21:22 Hand Cart
21:22 Bow Saw
23:57 Gillnets
31:26 Imperial Age
31:39 Heavy Plow
33:10 Chemistry
32:31 Ballistics
31:33 Cavalier
32:24 Bloodlines
33:40 Crop Rotation
33:45 Forging
33:42 Scale Barding Armor
33:35 Town Watch
33:41 Paladin
35:48 Two-Man Saw
36:30 Stone Shaft Mining
38:01 Iron Casting
37:47 Chain Barding Armor
39:29 Town Patrol
39:01 Pikeman
39:41 Squires
39:27 Arson
40:45 Blast Furnace
40:20 Plate Barding Armor
41:06 Fortified Wall
41:22 Caravan
41:54 Coinage
41:35 Guilds
42:28 Scale Mail Armor
45:09 Conscription
45:11 Ironclad
46:01 Banking
45:50 Onager
47:18 Siege Onager
spatch
0:58 Loom
20:42 Feudal Age
22:11 Horse Collar
23:15 Double-Bit Axe
29:28 Castle Age
27:46 Scale Barding Armor
30:53 Bow Saw
30:45 Heavy Plow
31:24 Wheelbarrow
31:05 Fervor
33:04 Stone Mining
34:44 Husbandry
35:59 Bloodlines
36:30 Forging
37:32 Fortified Wall
38:30 Caravan
42:55 Imperial Age
44:12 Elite Leitis
44:55 Town Watch
45:25 Hand Cart
ramusque
8:47 Loom
13:11 Feudal Age
17:07 Castle Age
16:04 Town Watch
16:43 Double-Bit Axe
16:52 Gold Mining
17:04 Stone Mining
18:28 Horse Collar
19:36 Bow Saw
25:47 Stone Shaft Mining
27:37 Wheelbarrow
28:30 Fortified Wall
30:15 Forging
32:49 Iron Casting
32:20 Scale Barding Armor
32:25 Husbandry
32:36 Bloodlines
33:15 Gold Shaft Mining
32:44 Heavy Plow
36:36 Imperial Age
37:00 Hand Cart
36:45 Elite Ballista Elephant
37:59 Town Patrol
39:37 Blast Furnace
38:58 Chain Barding Armor
39:16 Double Crossbow
39:43 Ballistics
40:24 Chemistry
42:36 Scale Mail Armor
43:12 Plate Barding Armor
42:55 Pikeman
45:39 Halberdier
53:07 Hoardings
alexboumolpi
0:40 Loom
13:15 Feudal Age
16:59 Castle Age
15:08 Fishing Lines
15:36 Double-Bit Axe
19:39 Gillnets
21:00 Bow Saw
22:08 Horse Collar
24:44 Gold Mining
27:07 Fletching
29:47 Wheelbarrow
29:53 Bodkin Arrow
29:59 Padded Archer Armor
30:58 Scale Barding Armor
31:08 Husbandry
32:11 Bloodlines
32:22 Leather Archer Armor
32:07 Treadmill Crane
34:00 Ballistics
34:18 Thumb Ring
36:24 Masonry
38:24 Sanctity
40:11 Pikeman
40:52 Squires
41:00 Scale Mail Armor
41:10 Forging
christophe 🇫🇷
11:10 Feudal Age
14:49 Fishing Lines
17:01 Double-Bit Axe
19:28 Castle Age
18:06 Wheelbarrow
20:52 Bow Saw
22:20 Gillnets
26:50 Stone Mining
26:51 Gold Mining
28:52 Hand Cart
30:03 Scale Mail Armor
30:06 Padded Archer Armor
29:57 Fletching
30:29 Ballistics
30:07 Murder Holes
33:26 Imperial Age
30:46 Town Watch
33:42 Gold Shaft Mining
36:18 Town Patrol
37:25 Chemistry
36:43 Leather Archer Armor
36:24 Bodkin Arrow
37:00 Caravan
37:11 Guilds
38:25 Husbandry
37:45 Light Cavalry
39:27 Elite Longbowman
40:10 Warwolf
40:33 Yeomen
40:49 Hoardings
43:00 Bracer
43:30 Squires
42:51 Pikeman
44:19 Scale Mail Armor
44:11 Halberdier
45:27 Chain Mail Armor
45:22 Forging
Connection lost

Rejoining the realm…

Still unreachable

The connection could not be restored.

Session expired

The server has moved on; the page needs a fresh start.